 Dungeon Crawl Stone Soup version 0.27.1-4-g1640c2035a (webtiles) character file.

Game seed: 547844145763382740

50 styxcanada the Sneak (level 3, 0/18 HPs)
             Began as a Spriggan Brigand on Nov 3, 2021.
             Frozen to death by an endoplasm (5 damage)
             ... on level 2 of the Dungeon.
             The game lasted 00:06:22 (2088 turns).

styxcanada the Sneak (Spriggan Brigand)             Turns: 2088, Time: 00:06:24

Health: 0/18       AC:  3    Str:  7    XL:     3   Next: 55%
Magic:  4/4        EV: 16    Int: 12    God:
Gold:   48         SH:  0    Dex: 17    Spells: 2/2 levels left

rFire    . . .     SeeInvis +   a - +2 dagger
rCold    . . .     Faith    .   (shield restricted)
rNeg     . . .     Spirit   .   b - +0 robe
rPois    .         Reflect  .   (helmet restricted)
rElec    .         Harm     .   c - +0 cloak
rCorr    .         Rampage  .   (gloves unavailable)
Will     .....                  (boots unavailable)
Stlth    ++++......             (no amulet)
HPRegen  0.06/turn              (no ring)
MPRegen  0.09/turn              (no ring)

@: very quick
A: very small, no large weapons, unfitting armour, see invisible, speed 3
a: no special abilities


You were on level 2 of the Dungeon.
You visited 1 branch of the dungeon, and saw 2 of its levels.

You collected 70 gold pieces.
You spent 22 gold pieces at shops.

Inventory:

Hand Weapons
 a - a +2 dagger (weapon)
Missiles
 e - 7 curare-tipped darts (quivered)
 j - 57 stones
Armour
 b - a +0 robe (worn)
 c - a +0 cloak (worn)
Scrolls
 g - a scroll of noise {unknown}
 h - 2 scrolls of identify
 i - a scroll of enchant weapon {unknown}
 l - a scroll of brand weapon {unknown}
Potions
 f - a potion of lignification {unknown}
 k - a potion of haste {unknown}
 m - a potion of heal wounds {unknown}
 n - a potion of curing {unknown}


   Skills:
 * Level 1.6 Fighting
 + Level 2.6 Short Blades
 + Level 2.1 Throwing
 * Level 1.7 Dodging
 * Level 7.4 Stealth


You had 2 spell levels left.
You didn't know any spells.
Your spell library was empty.

Dungeon Overview and Level Annotations

Branches:
Dungeon (2/15)

Altars:

Shops:
D:1 :*[=


Innate Abilities, Weirdness & Mutations

You are very small and have problems with some larger weapons.
You are too small for most types of armour.
You have supernaturally acute eyesight. (SInv)
You cover ground extremely quickly. (Speed+++)


Message History

The endoplasm freezes you.
You are frozen.
You completely miss the endoplasm.
The dart slug looks more healthy.
The endoplasm freezes you.
You are frozen.
You hit the endoplasm but do no damage. The endoplasm freezes you.
You are frozen.
* * * LOW HITPOINT WARNING * * *
You hit the endoplasm.
The endoplasm is moderately wounded.
The endoplasm freezes you.
You are frozen.
* * * LOW HITPOINT WARNING * * *
Throw: 2 darts (poison)
Press: ? - help, Q - select action, (/) - cycle Shift-Dir - straight line, f/p - worm
Aim: a worm (severely wounded, very poisoned, 79% to hit)
You throw a poisoned dart. The poisoned dart hits the endoplasm.
The endoplasm is moderately wounded.
There is an open door here.
Throw: dart (poison)
Press: ? - help, Q - select action, (/) - cycle Shift-Dir - straight line, f - endoplasm
Aim: an endoplasm (moderately wounded, wandering, hasn't noticed you, 86% to hit)
You throw a poisoned dart. The poisoned dart hits the endoplasm.
The endoplasm is moderately wounded.
Throw: 8 darts (curare)
Press: ? - help, Q - select action, (/) - cycle Shift-Dir - straight line, f/p - endoplasm
Aim: an endoplasm (moderately wounded, 86% to hit)
You throw a curare-tipped dart.
The curare-tipped dart hits the endoplasm.
The endoplasm is moderately wounded.
The worm looks more healthy.
There is an open door here.
You open the door.
There is an open door here.
You hit the endoplasm.
The endoplasm is heavily wounded.
The endoplasm freezes you.
You are frozen.
You die...

#.####..............#
....##..............##
..#.##...............# ########
..#.##...............# #.......
....##.............(.# #.......
.#####...............#####.......
..<..............#w#.J(w.w.......
....########'###.#.#######..(....
..#.# #........#@#w# #....((.
..#.# #........#J#.# #..w....
..#.# #........#.#.# #.......
..#.# #........#.#.# #.......
..#.# #.....)..#'#'### #.......
..#.# ##.............# #.......
..#.# #.............# #.......
..#.# #.............# ###.#
#.............#


You could see an endoplasm.

Vanquished Creatures
  An adder (D:2)
  A worm (D:2)
  A dart slug (D:2)
  3 ball pythons (D:1)
  3 endoplasms
  2 giant cockroaches (D:1)
  4 goblins
  6 hobgoblins
  A kobold (D:1)
  A quokka (D:1)
  3 bats (D:1)
  3 frilled lizards (D:1)
  5 rats (D:1)
34 creatures vanquished.

Notes
Turn   | Place    | Note
-------+----------+-------------------------------------------
     0 | D:1      | styxcanada the Spriggan Brigand began the quest for the
                  | Orb.
     0 | D:1      | Reached XP level 1. HP: 10/10 MP: 2/2
    23 | D:1      | Reached skill level 6 in Stealth
    56 | D:1      | Found Giuxatyr's Armour Emporium.
   427 | D:1      | Reached XP level 2. HP: 14/14 MP: 3/3
   437 | D:1      | Found a faded altar of an unknown god.
   524 | D:1      | Found Sorruz's Jewellery Boutique.
   722 | D:1      | Found Gaohoud's General Store.
   728 | D:1      | Bought a scroll of identify for 22 gold pieces
  1020 | D:1      | Found Tougry's Book Emporium.
  1029 | D:1      | Reached skill level 7 in Stealth
  1248 | D:2      | Reached XP level 3. HP: 18/18 MP: 4/4
  2088 | D:2      | Frozen to death by an endoplasm

Illustrated notes

Levels and vault maps discovered:
D:1:      wander_arrival_lonely_grave, layout_rooms, serial_shops, shop, shop,
          shop_statue, shop, chequers_ecumenical_altar_simple, minivault_19
D:2:      layout_basic

Skill      XL: |  1  2 |
---------------+-------+-----
Stealth        | 6 7 |  7.4
Fighting       | |  1.6
Short Blades   | |  2.6
Throwing       | |  2.1
Dodging        | |  1.7

Action                   || total
-------------------------++-------
Melee: Dagger            ||   109
Throw: Dart              ||    17
 Stab: Sleeping          ||    13
       Distracted        ||     1
Armor: Robe              ||    12
Dodge: Dodged            ||    79
